 Dungeon Crawl Stone Soup version 0.27.1-1-g398f81649c (webtiles) character file.

Game seed: 16034219886583404698

212 styxcanada the Covert (level 5, -2/26 HPs)
             Began as a Spriggan Brigand on Sept 21, 2021.
             Slain by a phantom (7 damage)
             ... on level 3 of the Dungeon.
             The game lasted 00:13:03 (3684 turns).

styxcanada the Covert (Spriggan Brigand)            Turns: 3684, Time: 00:13:03

Health: -2/26      AC:  3    Str:  7    XL:     5   Next: 58%
Magic:  7/7        EV: 17    Int: 13    God:
Gold:   116        SH:  6    Dex: 17    Spells: 5/6 levels left

rFire    . . .     SeeInvis +   m - +3 short sword (venom)
rCold    . . .     Faith    .   f - +0 buckler
rNeg     . . .     Spirit   .   b - +0 robe
rPois    .         Reflect  .   (helmet restricted)
rElec    .         Harm     .   c - +0 cloak
rCorr    .         Rampage  .   (gloves unavailable)
Will     .....                  (boots unavailable)
Stlth    ++++......             (no amulet)
HPRegen  0.08/turn              (no ring)
MPRegen  0.10/turn              (no ring)

@: very quick
A: very small, no large weapons, unfitting armour, see invisible, speed 3
a: no special abilities


You were on level 3 of the Dungeon.
You visited 1 branch of the dungeon, and saw 4 of its levels.

You collected 116 gold pieces.

Inventory:

Hand Weapons
 a - a +2 dagger
 m - a +3 short sword of venom (weapon)
Missiles
 d - 4 poisoned darts (quivered)
 e - a curare-tipped dart
 h - 102 stones
 l - 20 sling bullets
Armour
 b - a +0 robe (worn)
 c - a +0 cloak (worn)
 f - a +0 buckler (worn)
Scrolls
 g - a scroll of magic mapping


   Skills:
 * Level 2.1 Fighting
 + Level 2.7 Short Blades
 + Level 2.1 Throwing
 * Level 3.1 Dodging
 * Level 8.1 Stealth
 * Level 1.0 Shields
 * Level 1.1 Spellcasting
 * Level 0.5 Conjurations
 * Level 0.5 Fire Magic


You had 5 spell levels left.
You knew the following spells:

 Your Spells              Type           Power      Damage    Failure   Level
a - Foxfire               Conj/Fire      8%         2x1d4     34%         1

Your spell library contained the following spells:

 Spells                   Type           Power      Damage    Failure   Level
 Magic Dart               Conj           8%         1d3       34%         1
 Call Imp                 Summ           0%         N/A       54%         2
 Ensorcelled Hibernation  Hex/Ice        0%         N/A       54%         2
 Conjure Flame            Conj/Fire      2%         6-21      71%         3
 Inner Flame              Hex/Fire       1%         N/A       75%         3
 Mephitic Cloud           Conj/Pois/Air  1%         N/A       77%         3
 Spider Form              Tmut/Pois      0%         N/A       78%         3
 Shadow Creatures         Summ           N/A        N/A       100%        6


Dungeon Overview and Level Annotations

Branches:
Dungeon (4/15)
 Temple: D:4-7

Altars:
Dithmenos
Makhleb
Yredelemnul


Innate Abilities, Weirdness & Mutations

You are very small and have problems with some larger weapons.
You are too small for most types of armour.
You have supernaturally acute eyesight. (SInv)
You cover ground extremely quickly. (Speed+++)


Message History

You block the phantom's attack.
You barely miss the phantom.
The phantom is moderately damaged.
The phantom closely misses you.
You hit the phantom but do no damage.
The phantom is moderately damaged.
You block the phantom's attack.
You hit the phantom.
The phantom is heavily damaged.
The phantom barely misses you.
You hit the phantom.
The phantom is severely damaged.
The phantom hits you!
You hit the phantom.
The phantom is severely damaged.
The phantom barely misses you.
You hit the phantom.
The phantom is almost destroyed.
The phantom hits you.
You hit the phantom.
The phantom is almost destroyed.
The phantom closely misses you. x2
You barely miss the phantom.
The phantom is almost destroyed.
The phantom closely misses you.
You hit the phantom but do no damage.
The phantom is almost destroyed.
The phantom hits you!
* * * LOW HITPOINT WARNING * * *
The phantom blinks!
You blink.
You closely miss the phantom.
The phantom is almost destroyed.
The phantom completely misses you.
You miss the phantom.
The phantom is almost destroyed.
You block the phantom's attack.
You closely miss the phantom.
The phantom is almost destroyed.
The phantom hits you!
You die...

.....#.##.# #.#
.....#.##.# #.########
.....#.##.# #........#
###..#.##.#############.#
###....##............<#.#
....#..#############..#.#
.......########### #..#.#
#.....>.........W# #..#.#
#.............##@######.##
#.....##....#<...........#
#.######.##.##.#.#########
..# #....#.....#.# #.#
#....#######.#
#.###....+.......#
#........#########
#..####### ...#


You could see a phantom.

Vanquished Creatures
  A hound (D:3)
  An iguana (D:3)
  Natasha (D:3)
  An orc wizard (D:3)
  2 adders (D:3)
  2 dart slugs
  5 orcs (D:3)
  7 bats (D:1)
  4 endoplasms
  2 giant cockroaches
  5 goblins
  12 hobgoblins
  2 jackals (D:2)
  7 kobolds
  7 quokkas
  4 ball pythons
  6 frilled lizards
  5 rats
74 creatures vanquished.

Notes
Turn   | Place    | Note
-------+----------+-------------------------------------------
     0 | D:1      | styxcanada the Spriggan Brigand began the quest for the
                  | Orb.
     0 | D:1      | Reached XP level 1. HP: 10/10 MP: 2/2
    74 | D:1      | Reached skill level 6 in Stealth
    97 | D:1      | Reached XP level 2. HP: 10/15 MP: 3/3
   600 | D:1      | Reached XP level 3. HP: 13/18 MP: 4/4
  1340 | D:2      | Learned a level 1 spell: Foxfire
  1855 | D:2      | Found a faded altar of an unknown god.
  2116 | D:2      | Reached skill level 7 in Stealth
  2226 | D:3      | Found a basalt altar of Yredelemnul.
  2235 | D:3      | Reached XP level 4. HP: 21/23 MP: 5/5
  2344 | D:3      | Found a shadowy altar of Dithmenos.
  2702 | D:3      | HP: 1/23 [poisoned by an orc]
  3105 | D:3      | Reached XP level 5. HP: 26/26 MP: 7/7
  3105 | D:3      | Found a burning altar of Makhleb.
  3152 | D:3      | Reached skill level 1 in Shields
  3152 | D:3      | Reached skill level 1 in Spellcasting
  3474 | D:3      | Noticed Natasha
  3482 | D:3      | Killed Natasha
  3483 | D:3      | Reached skill level 8 in Stealth
  3633 | D:4      | Noticed a phantom
  3684 | D:3      | Slain by a phantom

Illustrated notes

Levels and vault maps discovered:
D:1:      dpeg_arrival_connections, layout_loops_ring,
          chequers_serial_rivers_small_3, hangedman_decor_points
D:2:      layout_loops_ring, basic_ecumenical_altar,
          chequers_serial_rivers_marsh, hex_medium
D:3:      layout_basic, overflow_temple_1_default, mainiacjoe_overflow_catwalk,
          old_standard_altar, grunt_decor_cap, uniq_natasha
D:4:      layout_basic, nicolae_shop_self_help, uniq_eustachio

Skill      XL: |  1  2  3  4  5 |
---------------+----------------+-----
Stealth        | 6 7 8 |  8.1
Dodging        | 2 3 |  3.1
Fighting       | 2 |  2.1
Shields        | 1 |  1.0
Spellcasting   | 1 |  1.1
Short Blades   | |  2.7
Throwing       | |  2.1
Conjurations   | |  0.5
Fire Magic     | |  0.5

Action                   |  1- 3 |  4- 6 || total
-------------------------+-------+-------++-------
Melee: Dagger            |   110 |       ||   110
       Short sword       |    14 |    71 ||    85
Throw: Dart              |    12 |    12 ||    24
       Stone             |       |     2 ||     2
  Use: Scroll            |     5 |     2 ||     7
       Potion            |       |     2 ||     2
 Stab: Sleeping          |    21 |     6 ||    27
Armor: Robe              |    23 |     5 ||    28
Dodge: Dodged            |    62 |    41 ||   103
Block: Buckler           |    19 |    17 ||    36
